 Dungeon Crawl Stone Soup version 0.30.1 (webtiles) character file.

Game seed: 5141864790412459412

287 turntechCatfish the Ducker (level 6, -1/50 HPs)
             Began as a Minotaur Venom Mage on June 11, 2023.
             Was a Follower of Uskayaw.
             Slain by a gnoll
             ... wielding a +0 flail
             ... led by a gnoll sergeant
              (3 damage)
             ... on level 5 of the Dungeon on July 2, 2023.
             The game lasted 00:18:48 (2921 turns).

turntechCatfish the Ducker (Minotaur Venom Mage)    Turns: 2921, Time: 00:18:49

Health: -1/50      AC:  8    Str: 15    XL:     6   Next: 8%
Magic:  7/7        EV: 10    Int: 18    God:    Uskayaw [*.....]
Gold:   318        SH:  5    Dex: 10    Spells: 7/8 levels left

rFire   . . .        c - +1 hand axe (elec)
rCold   . . .        (no shield)
rNeg    . . .        p - +0 scale mail
rPois   .            (helmet restricted)
rElec   .            (no cloak)
rCorr   .            (no gloves)
SInv    .            (no boots)
Will    .....        w - amulet of reflection Stlth
                     i - +6 ring of intelligence
HPRegen 0.28/turn    j - ring of flight
MPRegen 0.10/turn

%: reflection
@: flying
A: horns 2, retaliatory headbutt, iridescent scales 1
a: Renounce Religion, Stomp


You were on level 5 of the Dungeon.
You worshipped Uskayaw.
Uskayaw was noncommittal.
You visited 1 branch of the dungeon, and saw 5 of its levels.

You collected 318 gold pieces.

Inventory:

Hand Weapons
 c - a +1 hand axe of electrocution (weapon)
 e - a +0 sling
 o - a +1 spear of distortion
 D - a +2 vampiric dagger
Missiles
 d - 3 poisoned darts
 f - 37 stones
 t - 3 throwing nets
 x - 3 javelins
 z - 8 boomerangs
Armour
 a - a +0 robe
 p - a +0 scale mail (worn)
Jewellery
 i - a +6 ring of intelligence (left hand)
 j - a ring of flight (right hand)
 w - an amulet of reflection (around neck)
 A - a ring of ice
Wands
 E - a wand of mindburst (11)
 G - a wand of flame (26)
Scrolls
 k - 7 scrolls of identify {unknown}
 n - a scroll of magic mapping {unknown}
 q - a scroll of enchant armour {unknown}
 r - a scroll of enchant weapon {unknown}
 s - 2 scrolls of teleportation {unknown}
 u - a scroll of torment {unknown}
 y - a scroll of noise {unknown}
 B - a scroll of brand weapon {unknown}
 C - a scroll of poison {unknown}
 H - a scroll of vulnerability {unknown}
Potions
 b - a potion of magic
 g - a potion of haste {unknown}
 h - a potion of lignification {unknown}
 l - a potion of berserk rage {unknown}
 m - 2 potions of curing {unknown}
 v - 2 potions of mutation
 F - a potion of might {unknown}


   Skills:
 + Level 2.7 Fighting
 + Level 2.8 Axes
 + Level 2.8 Armour
 + Level 3.6 Dodging
 - Level 1.9 Stealth
 - Level 1.5 Spellcasting
 - Level 1.0 Transmutations
 - Level 2.2 Poison Magic
 + Level 2.0 Invocations


You had 7 spell levels left.
You knew the following spells:

 Your Spells              Type           Power      Damage    Failure   Level
a - Sting                 Tmut/Pois      28%        1d4       36%         1

Your spell library contained the following spells:

 Spells                   Type           Power      Damage    Failure   Level
 Poisonous Vapours        Pois/Air       10%        N/A       56%         2
 Sandblast                Erth           2%         2d4       58%         1
 Passwall                 Tmut/Erth      2%         N/A       65%         2
 Mephitic Cloud           Conj/Pois/Air  4%         N/A       85%         3
 Inner Flame              Hex/Fire       1%         N/A       91%         3
 Stone Arrow              Conj/Erth      2%         3d7       91%         3
 Olgreb's Toxic Radiance  Pois           9%         N/A       96%         4
 Flame Wave               Conj/Fire      1%         2d4       100%        4
 Sticky Flame             Conj/Fire      1%         2d3       100%        4


Dungeon Overview and Level Annotations

Branches:
Dungeon (5/15)             Temple (0/1) D:4

Altars:
Cheibriados
Gozag
Nemelex Xobeh
Uskayaw
Yredelemnul

Shops:
D:4 (


Innate Abilities, Weirdness & Mutations

You have a pair of horns on your head.
You reflexively headbutt those who attack you in melee.
You are partially covered in iridescent scales. (AC +2)


Message History

The gnoll sergeant is severely wounded.
The gnoll sergeant hits you but does no damage.
You hit the gnoll sergeant but do no damage.
Lightning courses through the gnoll sergeant!
The gnoll sergeant is almost dead.
A gnoll comes into view. It is wielding a +0 spear.
The gnoll sergeant hits you with a +0 spear.
You can now pass through a line of other dancers.
You hit the gnoll sergeant.
Lightning courses through the gnoll sergeant!
You kill the gnoll sergeant!
Your Invocations skill increases to level 2!
You have reached level 6!
You barely miss the gnoll. Your headbutt misses the gnoll.
The gnoll hits you with a +0 club.
The gnoll hits you from afar with a +0 spear.
You closely miss the gnoll. The gnoll hits you with a +0 club!
* * * LOW HITPOINT WARNING * * *
The gnoll barely misses you. The gnoll closely misses you.
The gnoll misses you. The gnoll attacks as you move away!
The gnoll barely misses you. The gnoll attacks as you move away!
The gnoll hits you but does no damage.
You can no longer pass through a line of other dancers.
You hit the gnoll. Your headbutt misses the gnoll.
The gnoll is moderately wounded.
The gnoll completely misses you.
You closely miss the gnoll. You punch the gnoll, but do no damage.
The gnoll is moderately wounded.
The gnoll hits you with a +0 club.
* * * LOW HITPOINT WARNING * * *
You hit the gnoll.
The gnoll is severely wounded.
The gnoll hits you with a +0 club.
* * * LOW HITPOINT WARNING * * *
You hit the gnoll.
You kill the gnoll!
It was a potion of mutation.
You feel extremely strange.
Iridescent scales grow over part of your body.
The gnoll hits you with a +0 flail.
You die...

... ### #)#
..# #)## #.#
#..# #.#
##.# #.# #.#
#.# #g# #.#
#g# ..# #@#
### #.# #
#.#
######### #
#.#
........##.#
#.#
####.....#.#
#.#
###........#
#.#
...........#
#.#
###........#
#.#


You could see 2 gnolls.

Vanquished Creatures
  A gnoll sergeant (D:5)
  2 hounds
  A jelly (D:5)
  2 gnolls (D:5)
  7 adders
  2 worms (D:2)
  A dart slug (D:3)
  6 endoplasms
  3 giant cockroaches
  6 goblins
  6 hobgoblins
  7 quokkas
  7 ball pythons
  A bat (D:1)
  A frilled lizard (D:1)
  4 kobolds
57 creatures vanquished.

Notes
Turn   | Place    | Note
-------+----------+-------------------------------------------
     0 | D:1      | turntechCatfish the Minotaur Venom Mage began the quest for
                  | the Orb.
     0 | D:1      | Reached XP level 1. HP: 14/14 MP: 1/1
   181 | D:1      | Reached skill level 1 in Transmutations
   236 | D:1      | Reached XP level 2. HP: 19/20 MP: 3/3
   734 | D:1      | Upgraded the game from 0.30.0-29-ga12c61a403 to 0.30.1
  1153 | D:2      | Found a faded altar of an unknown god.
  1161 | D:2      | Prayed at the altar of an unknown god.
  1161 | D:2      | Became a worshipper of Uskayaw the Reveller
  1161 | D:2      | Reached * piety under Uskayaw
  1217 | D:2      | Reached skill level 1 in Axes
  1217 | D:2      | Reached XP level 3. HP: 27/27 MP: 4/4
  1218 | D:2      | Reached ** piety under Uskayaw
  1220 | D:2      | Reached skill level 1 in Armour
  1348 | D:2      | Reached skill level 1 in Fighting
  1715 | D:3      | Reached *** piety under Uskayaw
  1716 | D:3      | Reached XP level 4. HP: 35/35 MP: 5/5
  1716 | D:3      | Found a sparkling altar of Nemelex Xobeh.
  1874 | D:3      | Found a snail-covered altar of Cheibriados.
  2253 | D:4      | Found Rafryi's Weapon Shoppe.
  2265 | D:4      | Reached skill level 1 in Invocations
  2267 | D:4      | Reached skill level 3 in Dodging
  2606 | D:4      | Found an opulent altar of Gozag.
  2686 | D:4      | Found a staircase to the Ecumenical Temple.
  2691 | D:4      | Reached XP level 5. HP: 39/41 MP: 6/6
  2727 | D:5      | Entered Level 5 of the Dungeon
  2798 | D:5      | Found a basalt altar of Yredelemnul.
  2909 | D:5      | Reached XP level 6. HP: 20/50 MP: 7/7
  2919 | D:5      | HP: 2/50 [gnoll/+0 club[a gnoll sergeant] (3)]
  2921 | D:5      | Gained mutation: You are partially covered in iridescent
                  | scales. (AC +2) [potion of mutation]
  2921 | D:5      | Slain by a gnoll

Illustrated notes

Levels and vault maps discovered:
D:1:      nagdon_arrival_zigzag_paths, layout_basic
D:2:      layout_basic, basic_ecumenical_altar,
          nicolae_concentric_dashed_squares_mild
D:3:      layout_basic, mainiacjoe_overflow_boulevard,
          mainiacjoe_overflow_small_starburst
D:4:      layout_gridville, mainiacjoe_overflow_concentric_impassable,
          temple_fountains, serial_shops, shop
D:5:      kennysheep_big_flooded_room, layout_loops_ring, lemuel_crystal_altar

Skill      XL: |  1  2  3  4  5 |
---------------+----------------+-----
Transmutations | 1 |  1.0
Axes           | 1 2 |  2.8
Armour         | 1 2 |  2.8
Fighting       | 1 2 |  2.7
Invocations    | 1 2 |  2.0
Dodging        | 3 |  3.6
Stealth        | |  1.9
Spellcasting   | |  1.5
Poison Magic   | |  2.2

Action                     |  1- 3 |  4- 6 || total
---------------------------+-------+-------++-------
  Melee: Hand axe          |    59 |    70 ||   129
         Unarmed           |     4 |       ||     4
         Headbutt          |     5 |    12 ||    17
         Punch             |       |     1 ||     1
 Invoke: Stomp             |     1 |     1 ||     2
    Use: Potion            |       |     1 ||     1
 Armour: Robe              |     5 |       ||     5
         Ring mail         |     4 |       ||     4
         Scale mail        |    10 |    27 ||    37
  Dodge: Dodged            |    40 |    37 ||    77
  Block: Other             |       |    12 ||    12
         Reflection        |       |     2 ||     2
